 Dungeon Crawl Stone Soup version 0.26.0-10-g1f06aea511 (webtiles) character file.

Game seed: 2145591703602983586

22 Borgoz the Slasher (level 2, 0/25 HPs)
             Began as a Ghoul Gladiator on Jan 30, 2021.
             Slain by a gnoll
             ... wielding a cursed +0 flail
              (12 damage)
             ... on level 2 of the Dungeon.
             The game lasted 00:01:01 (710 turns).

Borgoz the Slasher (Ghoul Gladiator)                 Turns: 710, Time: 00:01:02

Health: 0/25       AC:  4    Str: 17    XL:     2   Next: 91%
Magic:  1/1        EV: 12    Int:  3    God:
Gold:   67         SH:  0    Dex: 10    Spells: 1/1 levels left

rFire    . . .     SeeInvis .   a - +0 long sword
rCold    + . .     Faith    .   (no shield)
rNeg     + + +     Spirit   .   b - +0 leather armour
rPois    ∞         Reflect  .   c - +0 helmet
rElec    .         Harm     .   (no cloak)
rCorr    .         Rampage  .   (no gloves)
Will     .....                  (no boots)
Stlth    +.........             (no amulet)
HPRegen  0.00/turn              (no ring)
MPRegen  0.07/turn              (no ring)

@: no status effects
A: claws 1, cold resistance 1, negative energy resistance 3, inhibited
regeneration, torment resistance, unbreathing
a: no special abilities


You were on level 2 of the Dungeon.
You visited 1 branch of the dungeon, and saw 2 of its levels.

You collected 67 gold pieces.

Inventory:

Hand Weapons
 a - a +0 long sword (weapon)
Missiles
 d - 3 throwing nets (quivered)
Armour
 b - a +0 leather armour (worn)
 c - a +0 helmet (worn)
Scrolls
 g - 2 scrolls of fog {unknown}
 j - a scroll of magic mapping {unknown}
 k - a scroll of enchant weapon {unknown}
 l - a scroll of teleportation {unknown}
Potions
 e - a potion of haste {unknown}
 f - a potion of magic {unknown}
 h - a potion of flight {unknown}
 i - a potion of might {unknown}
 m - a potion of lignification {unknown}


   Skills:
 + Level 2.4 Fighting
 * Level 3.0 Long Blades
 - Level 1.7 Throwing
 * Level 1.0 Armour
 + Level 2.9 Dodging


You had one spell level left.
You didn't know any spells.
Your spell library was empty.

Dungeon Overview and Level Annotations

Branches:
Dungeon (2/15)

Altars:


Innate Abilities, Weirdness & Mutations

You thrive by killing the living.
You are immune to poison.
You have sharp fingernails.
Your flesh is cold resistant. (rC+)
You are immune to negative energy. (rN+++)
You do not regenerate when monsters are visible.
You are immune to unholy pain and torment.
You can survive without breathing.


Message History

You closely miss the bat. The bat hits you but does no damage.
The frilled lizard bites you.
The kobold hits you with a cursed +0 whip.
You barely miss the adder. The bat closely misses you.
You riposte.
You hit the bat.
You kill the bat!
The adder bites you but does no damage. The frilled lizard closely misses you.
The kobold closely misses you.
You riposte.
You hit the kobold but do no damage. The adder bites you.
You are too injured to fight recklessly!
You are too injured to fight recklessly!
You are too injured to fight recklessly!
The adder barely misses you.
You riposte.
You closely miss the adder.
Things that are here:
a bat corpse; a kobold corpse The gnoll closely misses you.
The adder misses you.
There is a stone staircase leading up here.
Your library has no spells.
The gnoll hits you with a cursed +0 flail!
You die...

### #.. #.# #.#
#.# #.# #.###
#@#.###..##
#gSK......#
.....[..........
###.###...#.$#.#
# ##.## .# ... #
.### . #.


You could see a gnoll, an adder and a kobold.

Vanquished Creatures
  A dart slug (D:1)
  3 bats
  A giant cockroach (D:1)
  3 jackals (D:1)
  2 frilled lizards (D:1)
  3 goblins (D:1)
  4 kobolds
  2 rats (D:1)
19 creatures vanquished.

Notes
Turn   | Place    | Note
-------+----------+-------------------------------------------
     0 | D:1      | Borgoz the Ghoul Gladiator began the quest for the Orb.
     0 | D:1      | Reached XP level 1. HP: 17/17 MP: 0/0
   231 | D:1      | Reached XP level 2. HP: 24/24 MP: 1/1
   413 | D:1      | Reached skill level 3 in Long Blades
   498 | D:1      | Reached skill level 1 in Armour
   710 | D:2      | Slain by a gnoll

Illustrated notes

Levels and vault maps discovered:
D:1:      lemuel_arrival_river_ford, layout_loops_ring
D:2:      layout_loops_corners, minmay_octomino_c4, uniq_sigmund

Skill      XL: |  1  2 |
---------------+-------+-----
Long Blades    | 3 |  3.0
Armour         | 1 |  1.0
Fighting       | |  2.4
Throwing       | |  1.7
Dodging        | |  2.9

Action                   || total
-------------------------++-------
Melee: Long sword        ||    35
Armor: Leather armour    ||    18
Dodge: Dodged            ||    38
       Rpst.: Long sword ||    11
